Unix NetHack Version 5.0.0-0 post-release - last build May  4 2026 22:22:43 (774f63e81ad911689b3a0859ea89b322d5daca8d,branch:main).

Game began 2026-05-07 00:11:49, ended 2026-05-07 00:51:09.

DaveT, lawful male human Priest

                                                                       -------
           ---------            ####################################   |.....|
           |........#           #--------------------------------######[.....|
           |.......|###         #|..............................|#    #|.....|
           |<......|###         #|.-----.................------.|#    #|.....|
           |.......| ##         #|.|...|.................|....|.|#    #|.....|
           ----|---- ###        #|.|...|.................|....|.|#    #|.....|
               ##    ####       #|.|...-..-------.....-------|-.|#    #-.-----
                #     # #####   #|.|-----.|%.|..|.....|..|......|#    ###
                ##    #     #   #|.|^...|.|.%|..|.....|..|.----.|#
              ---.--  #     #   #|.|._..|.|..||-...{...-|-%-..|.|#
              |.%..|  #     #   #|.|....-.--|-.............|..|..#
              |.....###     #   #|.|....|...[..-|-----.---|---|*|#
              |....| ##  ####%###|.|----------||..|..|.|...|(.|.|#
              |.....### -----  Y |.|...|.{|....|?)|....|(.(|((|.|#
              |....| ###+.^>|   @|.-...|..|....|!.|---.|(((|..|.|#
              ------  ##|%..|   #..-----|-----.----.{..-----|--.|#
                      ##....|    |..............................|#
                       #-----    --------------------------------#

DaveT the Adept              St:7 Dx:9 Co:17 In:10 Wi:17 Ch:13  Lawful
Dlvl:6  $:262 HP:0(60) Pw:106(106) AC:3  Xp:8 T:6380  Burdened

Latest messages:
 You see here a pick-axe.
 You have a little trouble lifting a pick-axe.  Continue? [ynq] (q) y
 You have a little trouble lifting Q - a pick-axe.
 Your movements are slowed slightly because of your load.
 What do you want to drop? [$a-fh-zA-LP-Y or ?*] I
 You drop a potion of water.
 You have a little trouble lifting Y - a potion of water (3 in total).
 What do you want to use or apply? [ikryP-S or ?*] Q
 You now wield a pick-axe.
 In what direction do you want to dig? [ulnjb>] j
 You start digging.
 You hit the rock with all your might.
 You hear someone cursing shoplifters.
 You make an opening in the wall.
 What do you want to wield? [- ajlzAQTV or ?*] a
 a - a blessed corroded +7 mace (weapon in right hand).
 You hear someone cursing shoplifters.
 You stop searching.
 You hit the iguana!
 You kill the iguana!
 You are carrying too much to get through.
 What do you want to use or apply? [ikryP-S or ?*] Q
 You now wield a pick-axe.
 In what direction do you want to dig? [hkjb>] h
 You start digging.
 You hit the rock with all your might.
 You hear the chime of a cash register.
 You succeed in cutting away some rock.
 You see here an iguana corpse.
 What do you want to wield? [- ajlzAQTV or ?*] a
 a - a blessed corroded +7 mace (weapon in right hand).
 The yeti hits!
 The yeti hits again!
 The yeti bites!
 You hit the yeti!
 The yeti hits!
 The yeti hits again!
 The yeti bites!
 You hit the yeti!
 The yeti hits!
 The yeti misses!
 The yeti bites!
 The yeti hits!
 The yeti hits again!
 The yeti bites!
 The yeti hits!
 The yeti hits again!
 You die...
 Do you want your possessions identified? [ynq] (y) y
 Do you want to see your attributes? [ynq] (y) q

Inventory:
 Coins    ('$')
  $ - 262 gold pieces
 Weapons  (')')
  T - a blessed +1 dart
  V - a +3 dart
  j - 13 +0 darts
  l - 7 blessed +2 shuriken
  A - a blessed +1 dagger
  z - a +0 dagger
  a - a blessed corroded +7 mace (weapon in right hand)
 Armor    ('[')
  U - a +0 orcish helm (being worn)
  H - a cursed -2 pair of gauntlets of fumbling
  v - a +0 pair of low boots (being worn)
  c - a +0 small shield (being worn)
  b - a +2 robe (being worn)
  K - a +1 Hawaiian shirt with a parrot motif
 Comestibles  ('%')
  e - a clove of garlic
  q - 2 food rations
  W - a cursed food ration
  f - a sprig of wolfsbane
  D - 2 tins of dried quivering blob
 Scrolls  ('?')
  E - 2 scrolls of blank paper
  o - a scroll of confuse monster
  J - 2 scrolls of create monster
  X - a cursed scroll of create monster
  u - a scroll of identify
  C - a scroll of magic mapping
  B - a scroll of teleportation
  h - a cursed scroll of teleportation
 Potions  ('!')
  L - a potion of gain ability
  m - a cursed potion of hallucination
  G - a potion of healing
  p - 2 cursed potions of healing
  F - 2 potions of object detection
  d - 2 potions of holy water
  Y - 3 potions of water
 Rings    ('=')
  n - a ring of warning
 Wands    ('/')
  r - a wand of lightning (0:0)
  i - a wand of speed monster (0:2)
  R - a wand of undead turning (0:5)
 Tools    ('(')
  S - a bag of tricks (0:3)
  k - a blessed brass lantern
  Q - a +0 pick-axe
  y - a stethoscope
  P - a cursed partly used tallow candle
 Gems/Stones  ('*')
  x - a worthless piece of green glass
  w - 2 worthless pieces of orange glass
  s - a cursed worthless piece of red glass
  t - 2 worthless pieces of yellow glass

DaveT the Priest's attributes:

Background:
 You were an Adept, a level 8 human Priest.
 You were lawful, on a mission for Tyr
 who was opposed by Odin (neutral) and Loki (chaotic).
 You were right-handed.
 You were in the Gnomish Mines, on level 6.
 You entered the dungeon 6380 turns ago.
 It was the midnight hour.
 You had 1821 experience points, 739 more were needed to attain level 9.

Basics:
 You had 0 out of 60 hit points.
 You had all 106 energy points (spell power).
 Your armor class was 3.
 Your wallet contained 262 zorkmids.
 Autopickup was off.

Final Characteristics:
 Your strength was 7 (peak:11, limit:18/100).
 Your dexterity was 9 (limit:18).
 Your constitution was 17 (limit:18).
 Your intelligence was 10 (limit:18).
 Your wisdom was 17 (limit:18).
 Your charisma was 13 (limit:18).

Final Status:
 You weren't hungry.
 You were burdened; movement was slightly slowed.
 You were wielding a mace.
 You were skilled in mace and could have enhanced that.

Final Attributes:
 You were piously aligned.
 You were telepathic.
 You were guarded.
 Your spell casting was enhanced by wearing a robe.
 You are dead.

Miscellaneous:
 You didn't encounter any bones levels.
 Total elapsed playing time was 39 minutes and 19 seconds.

Major events:
 Turn
    1: DaveT the lawful human Priest entered the dungeon
  999: attained the rank of Acolyte (level 3)
 1363: entered the Gnomish Mines
 2562: attained the rank of Adept (level 6)
 5834: reached Mine Town
 6380: killed by a yeti

Spells:
 Name                 Level Category     Fail Retention
 detect monsters        1   divination     0%   51%-75%
 light                  1   clerical       0%   61%-70%

Skills:
 Fighting Skills
   bare handed combat [Unskilled]
 Weapon Skills
   club               [Unskilled]
   mace               [Skilled]
   morning star       [Unskilled]
   flail              [Unskilled]
   hammer             [Unskilled]
   quarterstaff       [Unskilled]
   polearms           [Unskilled]
   spear              [Unskilled]
   trident            [Unskilled]
   lance              [Unskilled]
   bow                [Unskilled]
   sling              [Unskilled]
   crossbow           [Unskilled]
   dart               [Unskilled]
   shuriken           [Unskilled]
   boomerang          [Unskilled]
   unicorn horn       [Unskilled]
 Spellcasting Skills
   healing spells     [Unskilled]
   divination spells  [Unskilled]
   clerical spells    [Basic]

Voluntary challenges:
 Character rerolling was not enabled.
 You never genocided any monsters.
 You never polymorphed an object.
 You never changed form.
 You used no wishes.
Achievements:
 You entered a shop.
 You attained the rank of Acolyte.
 You entered the Gnomish Mines.
 You attained the rank of Adept.
 You entered Minetown.
 You entered a temple.

 The Dungeons of Doom: levels 1 to 7
    Level 1:
       An altar, some sinks.
    Level 2:
       A general store, a fountain.
    Level 3:
       An altar to Tyr, a fountain.
       Stairs down to The Gnomish Mines.
    Level 4: "vault door in SE"
       A general store, some fountains.
    Level 5:
       A fountain.
    Level 6:
       A grave.
    Level 7:
 The Gnomish Mines: levels 4 to 7
    Level 4:
    Level 5:
    Level 6: <- You were here.
       Many shops, a temple and an altar, some fountains, a sink.
       Final resting place for
          you, killed by a yeti.
    Level 7:


Vanquished creatures:
  a ghost
  a large mimic
  a leather golem
  a giant beetle
  2 leprechauns
  2 brown puddings
  a werewolf
  a dust vortex
  2 snakes
 an ape
  a fire ant
  a bugbear
 an imp
  a mountain nymph
  4 rock moles
  a yellow light
  6 gnome leaders
  2 gnomish wizards
  2 elf zombies
  3 ghouls
  a straw golem
  6 giant ants
  a little dog
  a floating eye
  2 dwarves
 13 hill orcs
  7 rothes
  4 giant bats
  3 monkeys
 an orc zombie
  a dwarf zombie
  a wererat
  6 iguanas
  a killer bee
 an acid blob
 16 manes
  a large kobold
  a hobgoblin
  3 giant rats
  3 cave spiders
  a brown mold
  a yellow mold
  a green mold
 22 gnomes
  4 geckos
  9 jackals
  a fox
  a kobold
  5 goblins
  6 grid bugs
  5 lichens
  3 kobold zombies
  7 newts
174 creatures vanquished.

No species were genocided or became extinct.

Game over:
                       ----------
                      /          \
                     /    REST    \
                    /      IN      \
                   /     PEACE      \
                  /                  \
                  |      DaveT       |
                  |      262 Au      |
                  | killed by a yeti |
                  |                  |
                  |                  |
                  |                  |
                  |       2026       |
                 *|     *  *  *      | *
        _________)/\\_//(\/(/\)/\//\/|_)_______

Goodbye DaveT the Priest...

You died in The Gnomish Mines on dungeon level 6 with 7880 points,
and 262 pieces of gold, after 6380 moves.
You were level 8 with a maximum of 60 hit points when you died.

